AoeStats
← Nao do Conta de Trabaia

Arabia

503887695Analyzed
2v2 RM · 1mo ago on Sep 2, 2026· 29m 8s· 4 players
Game mode
Random Map
Map size
Medium (4 player)
Population
200
Speed
Normal
Resources
Standard
Victory
Conquest
Starting age
Dark Age
Ending age
Imperial Age
RankedLock teamsTeams togetherTeam positionsShared explorationLock speedFull tech treeHidden civsTurbo modeCheats
Victory
Defeat
🇨🇴 Cumans · Colombia
1212
+15
1207
+16
🇬🇷 Chinese · Greece
1202
-16
🇩🇰 Armenians · Denmark
1194
-15
NomadX
7:59 Loom
9:49 Feudal Age
12:17 Double-Bit Axe
23:17 Castle Age
21:14 Gold Mining
21:17 Horse Collar
24:11 Fletching
LeCuzz DeMarr
7:30 Loom
9:47 Feudal Age
9:55 Man-at-Arms
10:42 Long Swordsman
17:31 Scale Mail Armor
18:37 Forging
22:17 Castle Age
22:29 Two-Handed Swordsman
27:07 Chain Mail Armor
Azzrel
2:59 Loom
8:56 Feudal Age
9:30 Double-Bit Axe
10:38 Horse Collar
16:20 Wheelbarrow
19:04 Town Watch
21:55 Castle Age
21:42 Scale Barding Armor
21:48 Forging
21:56 Bloodlines
21:51 Gold Mining
23:08 Chain Barding Armor
25:08 Light Cavalry
29:30 Bow Saw
29:22 Heavy Plow
Nao do Conta de Trabaia
9:49 Feudal Age
11:07 Loom
14:19 Castle Age
15:47 Scale Mail Armor
29:52 Forging
Connection lost

Rejoining the realm…

Still unreachable

The connection could not be restored.

Session expired

The server has moved on; the page needs a fresh start.